 Dungeon Crawl Stone Soup version 0.31.0-9-g3a7656b989 (webtiles) character file.

Game seed: 9370534900583645408

2057580 Jannitor the Hoplite (level 24, 176/176 HPs)
             Began as an Armataur Chaos Knight on Feb 3, 2024.
             Was a Favourite Plaything of Xom.
             Escaped with the Orb
             ... and 3 runes
             ... and 1 gem on Feb 4, 2024!
             The game lasted 01:50:38 (48864 turns).

Jannitor the Hoplite (Armataur Chaos Knight)       Turns: 48864, Time: 01:50:39

Health: 176/176    AC: 31    Str: 26      XL:     24   Next: 91%
Magic:  21/23      EV: 25    Int: 10 (11) God:    Xom [..*...]
Gold:   1232       SH: 22    Dex: 16 (17) Spells: 23/23 levels left

rFire   + + +        r - +8 mithril axe "Arga" {speed, Will+}
rCold   + . .        A - +0 tower shield
rNeg    + . .        N - +3 salamander hide armour {Flames, rFlCloud rF++ rC--}
rPois   +            O - +1 hat of Leqeikhuaq {rF+ Regen+}
rElec   .            B - +2 ratskin cloak {*Rats rPois rN+ Str-1 Int-1 Dex+1}
rCorr   +            h - +2 pair of gloves "Azostrie" {+Inv rCorr Dex+2}
SInv    .            R - +4 barding {rC+}
Will    ++...        G - amulet of Conformity {Spirit rC+ Str+3}
Stlth   +            g - ring of the Hare {EV+10}
HPRegen 1.29/turn    M - ring of protection from cold
MPRegen 0.18/turn

%: guardian spirit, roll
@: studying Short Blades
A: large, deformed body, tough skin 3, armoured tail, roll 2, beak, iridescent
scales 1, dopey 1, frail 2, sense surroundings 1, no potion heal 1, MP-powered
wands
0: Orb of Zot
}: 3/15 runes: barnacled, silver, gossamer
a: Renounce Religion, Evoke Invisibility


You escaped.
You worshipped Xom.
You were a toy of Xom.
You visited 8 branches of the dungeon, and saw 44 of its levels.
You visited 1 ziggurat, and saw 4 of its levels.
You also visited: Trove, Gauntlet and Ice Cave.

You collected 10242 gold pieces.
You spent 9010 gold pieces at shops.

Inventory:

Hand Weapons
 d - a +7 heavy broad axe
 o - the +4 broad axe of Qait {vamp, Fly}
   (You bought it in a shop on level 3 of the Shoals)

   Fly:       It grants you flight.
 r - the +8 mithril axe "Arga" (weapon) {speed, Will+}
   (You found it in a treasure trove)

   Will+:     It increases your willpower.
Missiles
 i - 11 curare-tipped darts (quivered)
 n - 2 throwing nets
Armour
 h - the +2 pair of gloves "Azostrie" (worn) {+Inv rCorr Dex+2}
   (You found it on level 2 of the Dungeon)

   Dex+2:     It affects your dexterity (+2).
   +Inv:      It lets you turn invisible.
   rCorr:     It protects you from acid and corrosion.
 A - a +0 tower shield (worn)
 B - the +2 ratskin cloak (worn) {*Rats rPois rN+ Str-1 Int-1 Dex+1}
   (You found it on level 8 of the Dungeon)

   *Rats:     When the wearer is hurt, rats may emerge from it to assist them.
   Str-1:     It affects your strength (-1).
   Int-1:     It affects your intelligence (-1).
   Dex+1:     It affects your dexterity (+1).
   rPois:     It protects you from poison rN+: It protects you from negative
   energy.
 N - the +3 salamander hide armour (worn) {Flames, rFlCloud rF++ rC--}
   (You bought it in a shop on level 8 of the Dungeon)

   Flames:    It surrounds you with flame clouds and enhances your fire magic.
   rFlCloud:  It grants immunity to flame clouds.
   rF++:      It greatly protects you from fire.
   rC--:      It makes you very vulnerable to cold.
 O - the +1 hat of Leqeikhuaq (worn) {rF+ Regen+}
   (You bought it in a shop on level 2 of the Orcish Mines)

   rF+:       It protects you from fire.
   Regen+:    It increases your rate of health regeneration.
 R - a +4 barding of cold resistance (worn)
Jewellery
 g - the ring of the Hare (left hand) {EV+10}
   (You bought it in a shop on level 5 of the Vaults)

   [ring of evasion]

   EV+10:     It affects your evasion (+10).
 s - a ring of willpower
 z - an amulet of the acrobat
 G - the amulet of Conformity (around neck) {Spirit rC+ Str+3}
   (You took it off a merfolk on level 4 of the Shoals)

   [amulet of guardian spirit]

   Spirit:    It causes incoming damage to be divided between your reserves of
   health and magic.
   Str+3:     It affects your strength (+3).
   rC+:       It protects you from cold.
 M - a ring of protection from cold (right hand)
Wands
 v - a wand of paralysis (43)
 y - a wand of mindburst (27)
 D - a wand of flame (59)
 H - a wand of polymorph (15)
 J - a wand of iceblast (36)
 U - a wand of digging (15)
 V - a wand of light (26)
Scrolls
 c - a scroll of butterflies
 e - 4 scrolls of revelation
 j - 6 scrolls of summoning
 m - 11 scrolls of teleportation
 u - 3 scrolls of blinking
 w - 3 scrolls of silence
 x - 4 scrolls of enchant armour
 C - 5 scrolls of noise
 K - 10 scrolls of fog
 L - 6 scrolls of fear
 Q - 17 scrolls of identify
 S - a scroll of immolation
 T - 10 scrolls of vulnerability
Potions
 a - 5 potions of resistance
 b - a potion of enlightenment
 f - 6 potions of ambrosia
 k - 4 potions of berserk rage
 l - 6 potions of heal wounds
 p - 9 potions of curing
 q - 8 potions of lignification
 E - 2 potions of might
 F - a potion of mutation
 P - 3 potions of haste
 W - 6 potions of attraction
 X - 3 potions of invisibility
 Y - 2 potions of magic
 Z - 4 potions of cancellation
Miscellaneous
 t - a phial of floods
 I - a condenser vane


   Skills:
 + Level 19.1 Fighting
 + Level 17.6 Axes
 + Level 18.0 Armour
 + Level 15.5 Dodging
 + Level 21.3 Shields
 + Level 19.9 Evocations


You had 23 spell levels left.
You didn't know any spells.
Your spell library contained the following spells:

 Spells                   Type           Power      Damage    Failure   Level
 Apportation              Tloc           0%         N/A       52%         1
 Kiss of Death            Conj/Necr      0%         2d5       52%         1
 Magic Dart               Conj           0%         1d3       52%         1
 Necrotise                Necr           0%         1d4       52%         1
 Shock                    Conj/Air       0%         1d3       52%         1
 Summon Small Mammal      Summ           0%         N/A       52%         1
 Blink                    Tloc           0%         N/A       67%         2
 Call Imp                 Summ           0%         N/A       67%         2
 Cigotuvi's Dreadful Rot  Necr/Alch/Air  0%         N/A       67%         2
 Jinxbite                 Hex            0%         N/A       67%         2
 Lesser Beckoning         Tloc           0%         N/A       67%         2
 Mercury Vapours          Alch/Air       0%         N/A       67%         2
 Momentum Strike          Conj/Tloc      0%         3d8       67%         2
 Searing Ray              Conj           0%         2d4       67%         2
 Sublimation of Blood     Necr           0%         N/A       67%         2
 Call Canine Familiar     Summ           0%         N/A       88%         3
 Dazzling Flash           Conj/Hex       0%         N/A       88%         3
 Fugue of the Fallen      Necr           0%         N/A       88%         3
 Gell's Gravitas          Tloc           0%         N/A       88%         3
 Hailstorm                Conj/Ice       0%         3d5       88%         3
 Inner Flame              Hex/Fire       0%         N/A       88%         3
 Mephitic Cloud           Conj/Alch/Air  0%         N/A       88%         3
 Ozocubu's Armour         Ice            0%         N/A       88%         3
 Sigil of Binding         Hex            0%         N/A       88%         3
 Summon Ice Beast         Ice/Summ       0%         N/A       88%         3
 Swiftness                Air            0%         N/A       88%         3
 Teleport Other           Tloc           0%         N/A       88%         3
 Vampiric Draining        Necr           0%         2d6       88%         3
 Volatile Blastmotes      Fire/Tloc      0%         2d10      88%         3
 Airstrike                Air            0%         2d(0-16)  99%         4
 Dimensional Bullseye     Hex/Tloc       0%         N/A       99%         4
 Dispel Undead            Necr           0%         3d6       99%         4
 Flame Wave               Conj/Fire      0%         2d4       99%         4
 Fulminant Prism          Conj/Alch      0%         3d5       99%         4
 Ignite Poison            Fire/Alch      0%         N/A       99%         4
 Leda's Liquefaction      Alch/Erth      0%         N/A       99%         4
 Manifold Assault         Tloc           0%         N/A       99%         4
 Martyr's Knell           Necr/Summ      0%         N/A       99%         4
 Sticky Flame             Fire/Alch      0%         2d4       99%         4
 Summon Blazeheart Golem  Fire/Summ      0%         N/A       99%         4
 Summon Lightning Spire   Summ/Air       0%         N/A       99%         4
 Vhi's Electric Charge    Tloc/Air       0%         N/A       99%         4
 Alistair's Intoxication  Alch           0%         N/A       100%        5
 Arcjolt                  Conj/Air       0%         1d10      100%        5
 Curse of Agony           Necr           0%         N/A       100%        5
 Freezing Cloud           Conj/Ice/Air   0%         6-21      100%        5
 Iskenderun's Battlesphe  Conj           0%         2d6       100%        5
 Summon Mana Viper        Hex/Summ       0%         N/A       100%        5
 Yara's Violent Unravell  Hex/Alch       0%         3d3       100%        5
 Bombard                  Conj/Erth      0%         9d1       100%        6
 Conjure Ball Lightning   Conj/Air       0%         3x3d6     100%        6
 Death Channel            Necr           0%         N/A       100%        6
 Dispersal                Tloc           0%         N/A       100%        6
 Plasma Beam              Fire/Air       0%         2x1d10    100%        6
 Sculpt Simulacrum        Ice/Alch       0%         N/A       100%        6
 Starburst                Conj/Fire      0%         6d3       100%        6
 Enfeeble                 Hex            0%         N/A       100%        7
 Haunt                    Necr/Summ      0%         N/A       100%        7
 Monstrous Menagerie      Summ           0%         N/A       100%        7
 Spellforged Servitor     Conj/Summ      0%         N/A       100%        7
 Summon Hydra             Summ           0%         N/A       100%        7
 Disjunction              Tloc           0%         N/A       100%        8
 Ignition                 Fire           0%         3d3       100%        8
 Maxwell's Capacitive Co  Air            0%         ∞         100%        8
 Fire Storm               Conj/Fire      0%         5d1       100%        9


Dungeon Overview and Level Annotations

Branches:
Dungeon (15/15)            Temple (0/1) D:7            Lair (5/5) D:8
 Shoals (4/4) Lair:2       Spider (4/4) Lair:3        Slime (0/5) Lair:4
    Orc (2/2) D:11            Elf (0/3) Orc:2        Vaults (5/5) D:14
  Crypt (0/3) Vaults:3     Depths (4/4) D:15            Zot (5/5) Depths:4
  IceCv (visited)         Gauntlet (visited)

Altars:
Elyvilon
Gozag
Kikubaaqudgha
Qazlal
Sif Muna
Trog
Uskayaw
Vehumet
Wu Jian
Xom
Yredelemnul
Jiyva

Shops:
D:1 *   D:3 !   D:8 [=??   D:13 (   D:14 !!((   Orc:1 =   Orc:2 ([(=
Shoals:1 *   Shoals:2 (   Shoals:3 **   Shoals:4 [?[!   Vaults:2 (
Vaults:5 =:?[??*   Depths:3 [[

Portals:
Hell: Depths:1 Depths:2 Depths:3 Depths:4
Abyss: Depths:3
Pandemonium: Depths:2

Annotations:
D:14 1 runed translucent door, Qymaymp's ghost, adept GrEE


Innate Abilities, Weirdness & Mutations

Armour fits poorly on your strangely shaped body.
You have extremely tough skin. (AC +3)
You have a long armoured tail.
You regenerate magic and health when rolling toward enemies. (Rampage Regen)
You have a beak for a mouth.
You are partially covered in iridescent scales. (AC +2)
You are dopey. (Int -2)
You are very frail. (-20% HP)
You passively map a small area around you.
Potions are less effective at restoring your health.
You expend magic power (3 MP) to strengthen your wands.


Message History

You block the Executioner's attack.
Unknown command.
You slash the Executioner! Your peck misses the Executioner.
You tail-slap the Executioner!
You kill the Executioner!
Unknown command.
You climb upwards.
You feel a strong urge to attack something.
There is a stone staircase leading down here.
Unknown command.
You feel your anger nearly subside.
You are no longer berserk.
You are exhausted.
You feel yourself slow down.
What level of the Dungeon? (default 1, ? - help)
There is a stone staircase leading up here.
There is a stone staircase leading up here.
You climb upwards.
There is a stone staircase leading down here.
There is a stone staircase leading up here.
You climb upwards.
You feel yourself speed up.
There is a stone staircase leading down here.
You recover from your berserk rage.
There is a stone staircase leading up here.
You climb upwards.
There is a stone staircase leading down here.
Xom's attention almost turns to you for a moment.
Your hat of Leqeikhuaq leaps into the air, briefly spins, then lands back on your head!
There is a stone staircase leading up here.
You climb upwards.
There is a stone staircase leading down here.
Unknown command.
Aiming: Dig
Press: ? - help, Shift-Dir - straight line You can't see that place.
You feel a surge of power!
The rock shatters into small pieces.
Unknown command.
There is a staircase leading out of the dungeon here.
You have escaped!

.÷..##..#......##..#######.##
######÷.#.########.##.....(.#####
#..#.# ###..#.##.......+....
######..#.###....#.##.......#####
#.......###......#.......)..# ##
#.#######........#..........####.
#.#####......~~..#....####.......
#..'.......~≈≈~☼°#...## #.#####.
#..'.....~~~≈≈~°@###.# ##.###...
##.'.......~~≈§☼○°##.####..÷)..##
######......~~.○#.#.#.....#####
###........##○.#.###'######
###......#..°............
###....########........ ###..#
#........ ############ #........
#..........# #........


There were no monsters in sight!

Vanquished Creatures
  3 dread liches
  4 orbs of fire (Zot:5)
  2 ancient liches (Zot:5)
  A juggernaut (Depths:3)
  Xtahua (Vaults:2)
  Josephina (Zot:1)
  2 Killer Klowns (Zot:5)
  2 curse toes (Zot:5)
  4 caustic shrikes (Depths:4)
  Nikola (Vaults:1)
  4 golden dragons
  A profane servitor (Depths:1)
  Arachne (Spider:2)
  An iron giant (shapeshifter) (Depths:4)
  A bone dragon (Depths:4)
  An electric golem (Zot:5)
  Zenata (Vaults:2)
  A walking earthen tome (Depths:4)
  7 liches
  8 tentacled monstrosities
  Mlioglotl (Spider:4)
  24 Orb Guardians (Zot:5)
  Asterion (Spider:2)
  6 titans (Vaults:5)
  2 quicksilver dragons
  Polyphemus (Shoals:3)
  5 sphinxes
  A kraken (Shoals:1)
  Kirke (Lair:4)
  An Executioner (D:6)
  5 death cobs
  13 tengu reavers
  8 shadow dragons
  Donald (Shoals:3)
  7 fire giants
  10 storm dragons
  5 protean progenitors
  2 deep elf sorcerers
  5 draconian knights (Zot:4)
  7 frost giants
  14 vault wardens
  4 draconian monks
  8 emperor scorpions
  4 draconian shifters
  An iron dragon (Vaults:5)
  7 ghost moths
  6 draconian scorchers
  A balrug (Zig:2)
  A reaper (Zot:5)
  5 draconian annihilators
  3 orc warlords
  7 spriggan defenders (Depths:3)
  2 draconian stormcallers
  23 ironbound preservers
  A caustic shrike skeleton (Depths:1)
  13 very ugly things
  A quicksilver ooze (Gauntlet)
  17 stone giants
  2 broodmothers
  7 ironbound thunderhulks
  4 formless jellyfish
  7 green draconians
  5 deep elf death magi
  5 black draconians
  A deep elf demonologist (Vaults:4)
  3 vampire knights
  9 purple draconians
  4 deep elf annihilators
  3 war gargoyles
  2 yellow draconians
  2 spark wasps
  7 white draconians
  Azrael (Spider:1)
  2 bunyips (Zot:1)
  8 red draconians
  11 dire elephants
  3 crystal guardians
  8 ettins
  3 merfolk javelineers
  14 merfolk impalers
  6 fire dragons
  2 pearl dragon zombies (Depths:1)
  3 deep elf high priests (Vaults:5)
  An entropy weaver (shapeshifter) (D:12)
  5 entropy weavers
  8 great orbs of eyes
  36 vault guards
  6 rakshasas
  19 yaktaur captains
  A jorogumo (Spider:3)
  8 hydras
  5 catoblepae
  2 radroaches (Spider:3)
  3 ogre magi
  A catoblepas (shapeshifter) (Zot:4)
  4 peacekeepers
  A death knight (Depths:1)
  7 ice dragons
  2 merfolk avatars
  A stoker (Zig:2)
  An alligator (Zot:5)
  8 ironbound frosthearts
  8 two-headed ogres
  A satyr (Shoals:4)
  7 spriggan air magi
  15 centaur warriors
  18 boulder beetles
  4 merfolk aquamancers
  A dancing weapon (Zot:3)
  A sphinx skeleton (Vaults:1)
  4 deep troll earth magi
  3 alligator snapping turtles
  8 death yaks
  7 tengu warriors
  3 hell hogs (Depths:1)
  7 demonic crawlers
  3 deep troll shamans (Depths:4)
  Urug (Orc:2)
  Nergalle (Lair:2)
  An orc high priest (Zig:4)
  6 spriggan berserkers
  A sun demon (D:15)
  Amaemon (Lair:3)
  8 occultists
  9 hell knights (Depths:1)
  A deep elf knight (D:12)
  7 skysharks
  A storm dragon zombie (Depths:1)
  4 spriggans
  3 iron trolls (Depths:4)
  A shadow wraith (Vaults:5)
  A skeletal warrior (D:14)
  A sixfirhy (Depths:2)
  A goliath frog (Zot:1)
  5 pharaoh ants
  7 sea snakes
  8 orb spiders
  46 deep trolls
  A death drake (Vaults:2)
  10 arcanists
  An orange crystal statue (IceCv)
  5 glowing orange brains
  A sun moth (Vaults:3)
  A shadow dragon zombie (Depths:1)
  5 phantasmal warriors (Vaults:5)
  17 lindwurms
  10 orc knights
  3 obsidian statues (Zig:4)
  27 ironbound convokers
  13 steelbarb worms
  A wolf spider zombie (D:15)
  8 harpies
  10 necromancers
  A tengu skeleton (Vaults:1)
  An orc sorcerer (D:15)
  6 deep elf pyromancers
  3 fauns
  8 cyclopes
  A shining eye (Depths:2)
  13 manticores
  48 ugly things
  19 moths of wrath
  16 wolf spiders
  A moth of wrath (shapeshifter) (Lair:5)
  A mana viper (shapeshifter) (Vaults:5)
  3 meliai
  A centaur zombie (D:15)
  4 apis skeletons (Depths:1)
  A fire giant skeleton (Depths:1)
  29 vault sentinels
  A kobold blastminer (Orc:2)
  2 human skeletons
  2 eyes of devastation (shapeshifter)
  A naga mage (Vaults:3)
  2 molten gargoyles (Lair:5)
  11 merfolk sirens
  9 elephants
  8 black mambas
  A rust devil (Depths:4)
  An ice statue (Zig:4)
  Joseph (D:8)
  A water nymph (shapeshifter) (Depths:2)
  6 water nymphs
  2 minotaur zombies (Gauntlet)
  4 torpor snails
  12 cane toads
  A storm dragon simulacrum (Zot:1)
  An orange demon (Lair:3)
  2 torpor snails (shapeshifter)
  A rime drake (shapeshifter) (D:12)
  2 large abominations (Depths:2)
  A cane toad (shapeshifter) (Vaults:5)
  4 gargoyles
  13 komodo dragons
  4 unseen horrors
  19 yaktaurs
  17 rime drakes
  2 kobold demonologists (D:12)
  Maggie (D:8)
  2 tormentors (Depths:2)
  2 golden dragon simulacra
  A burning bush (Lair:5)
  4 freezing wraiths
  A ghost moth simulacrum (Zot:1)
  37 merfolk
  3 tengu conjurers
  A queen bee (shapeshifter) (Vaults:4)
  6 trolls
  6 wind drakes
  A tyrant leech (shapeshifter) (Depths:4)
  A wolf spider simulacrum (D:15)
  18 polar bears
  15 tarantellas
  A tarantella (shapeshifter) (Vaults:5)
  7 hornets
  A glass eye (Depths:2)
  14 blink frogs
  A dream sheep (Lair:3)
  An elf zombie (Vaults:2)
  A draconian simulacrum (Zot:1)
  13 snapping turtles
  2 shadows
  A centaur simulacrum (D:15)
  22 culicivoras
  27 slime creatures
  9 wyverns
  27 jumping spiders
  30 water elementals
  A spriggan (shapeshifter) (D:13)
  12 basilisks
  34 yaks
  5 wraiths
  A human (Lair:4)
  7 fire elementals
  3 hogs (Lair:4)
  A vampire (D:9)
  3 steam dragons
  4 wargs
  55 redbacks
  2 fire bats (Lair:5)
  Grum (D:10)
  A spriggan simulacrum (Depths:1)
  A redback (shapeshifter) (Depths:4)
  A glowing shapeshifter zombie (Vaults:1)
  15 vampire mosquitoes
  An ogre zombie (Vaults:1)
  2 swamp worms (shapeshifter)
  A human zombie (Depths:1)
  6 hell hounds
  3 acid dragons
  10 water moccasins
  43 orc warriors
  A swamp drake (D:11)
  4 ice beasts
  2 ice beasts (shapeshifter)
  An ettin simulacrum (Vaults:2)
  3 boggarts (Vaults:4)
  11 wolves
  A laughing skull (D:12)
  9 centaurs
  8 ogres
  2 kobold brigands
  14 bullfrogs
  2 scorpions (D:4)
  2 wights (D:7)
  13 killer bees
  20 electric eels
  4 howler monkeys
  2 bombardier beetles (D:6)
  4 lava snakes (Lair:5)
  A hound (D:5)
  A jelly (D:5)
  25 orc priests
  An iguana (D:7)
  32 orc wizards
  A killer bee zombie (D:11)
  8 adders
  A shadow imp (D:6)
  2 white imps
  4 dart slugs
  134 orcs
  8 endoplasms
  A giant cockroach (D:2)
  12 goblins
  9 hobgoblins
  9 jackals
  14 kobolds
  5 quokkas
  2 ball pythons
  4 bats
  A frilled lizard (D:2)
  6 rats
  2 aspiring fleshes
  A butterfly (Lair:4)
  2 fire vortices (Zig:2)
  2 starspawn tentacles (Spider:4)
  4 tentacles (Shoals:1)
1980 creatures vanquished.

Vanquished Creatures (collateral kills)
  A tentacled monstrosity (Zot:3)
  Nessos (D:13)
  A minotaur (Gauntlet)
  A yaktaur captain (Vaults:5)
  A deep elf high priest (Vaults:4)
  A boulder beetle (Lair:5)
  A deep troll shaman (Depths:3)
  A hell knight (Depths:1)
  An ugly thing (IceCv)
  A merfolk (Shoals:2)
  A sky beast (D:3)
  A centaur (D:7)
  2 wights (D:7)
  An orc priest (D:9)
  An endoplasm (D:2)
  A frilled lizard (D:2)
17 creatures vanquished.

Vanquished Creatures (others)
  A draconian knight (Zot:1)
  A draconian scorcher (Zot:1)
  A purple draconian (Zot:1)
  A white draconian (Zot:1)
  A spark wasp (Depths:1)
  A dancing weapon (Zot:5)
  A hell knight (Depths:1)
  A large abomination (Depths:2)
  A wolf spider (Spider:1)
  A moth of wrath (Zot:1)
  A vampire (D:10)
  A human (Depths:2)
  A redback (Spider:1)
  A small abomination (Zot:1)
  An electric eel (D:7)
  An orc (Orc:2)
  An endoplasm (D:2)
  A jackal (D:1)
  4 starspawn tentacles (Spider:4)
  2 tentacles (Shoals:1)
24 creatures vanquished.

Grand Total: 2021 creatures vanquished

Notes
Turn   | Place    | Note
-------+----------+-------------------------------------------
     0 | D:1      | Jannitor the Armataur Chaos Knight began the quest for the
                  | Orb.
     0 | D:1      | Reached XP level 1. HP: 18/18 MP: 1/1
    51 | D:1      | XOM: silly message
    56 | D:1      | XOM: butterfly on damage
   141 | D:1      | Reached XP level 2. HP: 21/25 MP: 2/2
   223 | D:1      | Reached skill level 1 in Dodging
   524 | D:1      | Found a faded altar of an unknown god.
   548 | D:1      | Found Mesir's General Store.
   654 | D:2      | XOM: give mutations
   654 | D:2      | Gained mutation: You have very sharp teeth. [Xom's grace]
   654 | D:2      | Gained mutation: Your system is resistant to poisons.
                  | (rPois) [Xom's grace]
   680 | D:2      | Identified the +2 pair of gloves "Azostrie" {+Inv rCorr
                  | Dex+2}
   717 | D:2      | Reached XP level 3. HP: 27/31 MP: 3/3
   777 | D:2      | XOM: enchant monster (good)
   789 | D:2      | XOM: scenery: summon butterflies
   860 | D:2      | Identified the +1 cloak of the Skies Above {Will+ Stlth+}
  1089 | D:3      | Noticed a sky beast
  1089 | D:3      | Found a stormy altar of Qazlal.
  1337 | D:3      | XOM: fog
  1341 | D:3      | Reached XP level 4. HP: 38/38 MP: 4/4
  1348 | D:3      | Found Ynanussu's Distillery.
  1348 | D:3      | XOM: 2-stop teleportation journey
  1551 | D:3      | XOM: divination: detect items
  1575 | D:3      | Bought 2 potions of heal wounds for 140 gold pieces
  1575 | D:3      | Bought a potion of curing for 42 gold pieces
  1696 | D:3      | XOM: give mutations
  1696 | D:3      | Gained mutation: You are robust. (+10% HP) [Xom's grace]
  1696 | D:3      | Gained mutation: You are agile. (Dex +4, Str/Int -1) [Xom's
                  | grace]
  1696 | D:3      | Gained mutation: You have a pair of small horns on your
                  | head. [Xom's grace]
  1696 | D:3      | Gained mutation: You possess an exceptional clarity of
                  | mind. [Xom's grace]
  1736 | D:3      | XOM: give mutations
  1736 | D:3      | Gained mutation: Your muscles are strong. (Str +4, Int/Dex
                  | -1) [Xom's grace]
  1736 | D:3      | Gained mutation: Your flesh is heat resistant. (rF+) [Xom's
                  | grace]
  1767 | D:3      | XOM: scenery: create altars
  1800 | D:3      | Found a shimmering altar of Xom.
  1841 | D:3      | XOM: summons 3 friendly demons
  1843 | D:3      | Killed a sky beast
  1844 | D:3      | Reached XP level 5. HP: 49/49 MP: 5/5
  2046 | D:4      | Found a hide-covered altar of Uskayaw.
  2133 | D:4      | Reached XP level 6. HP: 26/57 MP: 6/6
  2282 | D:4      | XOM: scenery: summon butterflies
  2289 | D:4      | XOM: 8-stop teleportation journey
  2292 | D:4      | XOM: cloud trail
  2419 | D:4      | XOM: confuse monster(s)
  2509 | D:4      | XOM: fog
  2622 | D:5      | Entered Level 5 of the Dungeon
  2681 | D:5      | Noticed an ice beast
  2854 | D:5      | Reached skill level 5 in Armour
  2854 | D:5      | Gained mutation: You regenerate magic and health when
                  | rolling toward enemies. (Rampage Regen) [Armataur growth]
  2854 | D:5      | Reached XP level 7. HP: 55/66 MP: 7/7
  2976 | D:5      | XOM: 4-stop teleportation journey
  3015 | D:5      | XOM: god gift: +1 barding of stealth
  3510 | D:6      | Reached skill level 1 in Evocations
  3525 | D:6      | XOM: blink monster(s)
  3622 | D:6      | XOM: summons 4 hostile demons
  3790 | D:6      | XOM: god gift: 2 blue potions {god gift}
  3928 | D:6      | Reached XP level 8. HP: 73/73 MP: 8/8
  3958 | D:6      | XOM: enchant monster (bad)
  4143 | D:6      | XOM: give mutations
  4143 | D:6      | Gained mutation: Your muscles are very strong. (Str +8,
                  | Int/Dex -2) [Xom's grace]
  4143 | D:6      | Gained mutation: Your tail ends in a venomous barb. [Xom's
                  | grace]
  4195 | D:7      | Reached skill level 5 in Fighting
  4198 | D:7      | XOM: summons 3 friendly demons
  4203 | D:7      | Reached skill level 1 in Shields
  4277 | D:7      | Reached skill level 2 in Shields
  4277 | D:7      | XOM: blink monster(s)
  4354 | D:7      | Found an opulent altar of Gozag.
  4367 | D:7      | XOM: fake destruction
  4371 | D:7      | XOM: give mutation
  4371 | D:7      | Gained mutation: You are partially covered in iridescent
                  | scales. (AC +2) [Xom's mischief]
  4472 | D:7      | XOM: destruction
  4626 | D:7      | XOM: 1-stop teleportation journey
  4636 | D:7      | XOM: noise
  4646 | D:7      | Reached skill level 5 in Axes
  4799 | D:7      | Found a staircase to the Ecumenical Temple.
  4844 | D:7      | XOM: summons friendly ufetubus
  4855 | D:7      | Reached skill level 3 in Shields
  5008 | D:7      | Reached XP level 9. HP: 82/82 MP: 9/9
  5189 | D:8      | Found Meorexut's Jewellery Boutique.
  5189 | D:8      | XOM: stealth player
  5189 | D:8      | Found the +2 ratskin cloak {*Rats rPois rN+ Str-1 Int-1
                  | Dex+1}
  5322 | D:8      | Noticed Maggie
  5325 | D:8      | Noticed Joseph
  5333 | D:8      | XOM: chaos upgrade
  5335 | D:8      | Killed Joseph
  5336 | D:8      | Reached skill level 4 in Shields
  5337 | D:8      | Killed Maggie
  5375 | D:8      | Noticed a two-headed ogre
  5383 | D:8      | Killed a two-headed ogre
  5384 | D:8      | Reached skill level 5 in Shields
  5384 | D:8      | Reached skill level 5 in Evocations
  5406 | D:8      | Found Homuetea's Magic Scroll Shop.
  5406 | D:8      | Found a staircase to the Lair.
  5441 | D:8      | Found Plog's Armour Boutique.
  5543 | D:8      | Found an ornate altar of the Wu Jian Council.
  5619 | D:8      | Found a white marble altar of Elyvilon.
  5623 | D:8      | Reached XP level 10. HP: 92/92 MP: 10/10
  5788 | D:8      | Bought a scroll of fog for 40 gold pieces
  5788 | D:8      | Bought a scroll of fear for 40 gold pieces
  5788 | D:8      | Bought a scroll of enchant armour for 75 gold pieces
  5788 | D:8      | Bought a scroll of enchant weapon for 75 gold pieces
  5788 | D:8      | Bought a scroll of enchant armour for 75 gold pieces
  5788 | D:8      | Bought a scroll of blinking for 75 gold pieces
  5827 | D:8      | Found Dainut's Magic Scroll Boutique.
  5901 | D:8      | XOM: give mutations
  5901 | D:8      | Lost mutation: You have very sharp teeth. [Xom's mischief]
  5901 | D:8      | Gained mutation: You have sharp toenails. [Xom's mischief]
  6215 | D:9      | XOM: cast spell 'Disjunction'
  6238 | D:9      | XOM: chaos cloud
  6332 | D:9      | XOM: summons 6 hostile demons
  6334 | D:9      | XOM: scenery: create altars
  6458 | D:9      | XOM: 1-stop teleportation journey
  6639 | D:9      | Reached skill level 6 in Shields
  6830 | D:9      | XOM: silly message
  6831 | D:9      | Noticed a two-headed ogre
  6841 | D:9      | Killed a two-headed ogre
  6984 | Lair:1   | Entered Level 1 of the Lair of Beasts
  6984 | Lair:1   | Noticed a cane toad
  6987 | Lair:1   | Noticed Sonja
  6988 | Lair:1   | Sonja changed into Sonja the meliai
  6988 | Lair:1   | Noticed Sonja
  6989 | Lair:1   | XOM: 1-stop teleportation journey
  6997 | Lair:1   | Killed Sonja the meliai
  7001 | Lair:1   | Killed a cane toad
  7082 | Lair:1   | XOM: potion effect (haste)
  7172 | Lair:1   | Identified a scroll of acquirement
  7172 | Lair:1   | Acquired 581 gold pieces
  7204 | D:8      | XOM: summons 6 hostile demons
  7227 | D:8      | Bought the +3 salamander hide armour {Flames, rFlCloud rF++
                  | rC--} for 517 gold pieces
  7227 | D:8      | Found the +3 salamander hide armour {Flames, rFlCloud rF++
                  | rC--}
  7285 | D:10     | XOM: stealth player
  7285 | D:10     | Entered Level 10 of the Dungeon
  7288 | D:10     | Noticed Grum
  7290 | D:10     | Found a shimmering blue altar of Sif Muna.
  7293 | D:10     | Killed Grum
  7295 | D:10     | Reached XP level 11. HP: 102/102 MP: 11/11
  7382 | D:10     | XOM: cloud trail
  7509 | D:10     | Identified the +4 scale mail "Savaf" {rC+ Str+3}
  7666 | D:10     | Reached skill level 7 in Shields
  7724 | D:10     | XOM: summons friendly quasit
  7733 | D:10     | XOM: destruction
  7779 | D:10     | XOM: stat loss: -1 Str (32/33)
  7970 | D:11     | XOM: stealth player
  8201 | D:11     | XOM: silly message
  8329 | D:11     | Noticed a two-headed ogre
  8330 | D:11     | Found a staircase to the Orcish Mines.
  8336 | D:11     | Killed a two-headed ogre
  8350 | D:11     | XOM: summons friendly crimson imp
  8441 | D:11     | XOM: polymorph crimson imp -> chaos spawn
  8487 | D:11     | Reached skill level 8 in Shields
  8812 | D:11     | XOM: scenery: summon butterflies
  8934 | D:12     | XOM: scenery: summon butterflies
  9039 | D:12     | Noticed a deep elf pyromancer
  9042 | D:12     | Noticed a two-headed ogre
  9043 | D:12     | Killed a deep elf pyromancer
  9045 | D:12     | Noticed a tengu warrior
  9045 | D:12     | Noticed a boulder beetle
  9045 | D:12     | Noticed a cyan ugly thing
  9045 | D:12     | Noticed a four-headed hydra
  9045 | D:12     | Noticed a boulder beetle
  9045 | D:12     | Noticed a boulder beetle
  9045 | D:12     | Noticed a two-headed ogre
  9045 | D:12     | Noticed a yaktaur captain
  9045 | D:12     | Noticed a boulder beetle
  9045 | D:12     | Noticed a two-headed ogre
  9045 | D:12     | Noticed a deep elf knight
  9045 | D:12     | Noticed a tengu warrior
  9045 | D:12     | Noticed an eight-headed hydra
  9045 | D:12     | Noticed an ogre mage
  9045 | D:12     | Noticed a centaur warrior
  9045 | D:12     | XOM: 8-stop teleportation journey
  9050 | D:12     | Killed a two-headed ogre
  9051 | D:12     | Reached XP level 12. HP: 113/113 MP: 12/12
  9126 | Orc:1    | Entered Level 1 of the Orcish Mines
  9178 | Orc:1    | Reached skill level 5 in Dodging
  9194 | Orc:1    | Found Pinom's Jewellery Emporium.
  9194 | Orc:1    | XOM: 4-stop teleportation journey
  9337 | Orc:2    | Entered Level 2 of the Orcish Mines
  9373 | Orc:2    | Found Pytud's Jewellery Boutique.
  9463 | Orc:2    | Found a staircase to the Elven Halls.
  9508 | Orc:2    | XOM: silly message
  9567 | Orc:2    | XOM: god gift: glowing hand axe {god gift}
  9666 | Orc:2    | Found Koman's Antique Weapon Boutique.
  9667 | Orc:2    | XOM: divination: detect creatures
  9668 | Orc:2    | Noticed Urug
  9678 | Orc:2    | Killed Urug
  9835 | Orc:2    | XOM: silly message
  9848 | Orc:2    | XOM: polymorph orc -> endoplasm
  9870 | Orc:2    | Reached skill level 9 in Shields
  9900 | Orc:2    | XOM: potion effect (invisibility)
  9907 | Orc:2    | Noticed an orc warlord
  9910 | Orc:2    | XOM: confuse monster(s)
  9911 | Orc:2    | XOM: confuse monster(s)
  9913 | Orc:2    | XOM: noise
  9920 | Orc:2    | Found Ykeapp's Antique Armour Emporium.
  9922 | Orc:2    | Killed an orc warlord
  9928 | Orc:2    | Found Oryron's Antique Weapon Shoppe.
 10640 | Orc:2    | Bought a buzzing hat for 297 gold pieces
 10640 | Orc:2    | Identified the +1 hat of Leqeikhuaq {rF+ Regen+} (You
                  | bought it in a shop on level 2 of the Orcish Mines)
 10645 | Orc:2    | Bought a glowing barding for 858 gold pieces
 11039 | Lair:1   | XOM: swap monsters
 11322 | Lair:2   | XOM: divination: magic mapping
 11324 | Lair:2   | XOM: cast spell 'Summon Mana Viper'
 11330 | Lair:2   | Reached XP level 13. HP: 124/124 MP: 13/13
 11344 | Lair:2   | Noticed Nergalle
 11349 | Lair:2   | Killed Nergalle
 11350 | Lair:2   | Reached skill level 10 in Shields
 11352 | Lair:2   | XOM: summons friendly white imp
 11354 | Lair:2   | XOM: 5-stop teleportation journey
 11364 | Lair:2   | XOM: destruction
 11452 | Lair:2   | Found a staircase to the Shoals.
 11493 | Lair:2   | XOM: scenery: 1 doors open
 11727 | Lair:2   | XOM: cloud trail
 12095 | Lair:3   | Reached skill level 10 in Fighting
 12110 | Lair:3   | Noticed Amaemon
 12126 | Lair:3   | Killed Amaemon
 12196 | Lair:3   | XOM: summons 2 friendly demons
 12201 | Lair:3   | XOM: potion effect (might)
 12206 | Lair:3   | Reached skill level 10 in Evocations
 12206 | Lair:3   | XOM: scenery: create altars
 12207 | Lair:3   | XOM: noise
 12251 | Lair:3   | XOM: noise
 12301 | Lair:3   | XOM: 1-stop teleportation journey
 12355 | Lair:3   | You fall into a shaft and drop 2 floors!
 12355 | Lair:5   | Entered Level 5 of the Lair of Beasts
 12364 | Lair:5   | XOM: divination: magic mapping
 12418 | Lair:5   | Reached skill level 11 in Shields
 12511 | Lair:4   | XOM: silly message
 12599 | Lair:4   | XOM: summons friendly crimson imp
 12622 | Lair:3   | Reached XP level 14. HP: 134/134 MP: 14/14
 12644 | Lair:3   | Found a hole to the Spider Nest.
 12886 | Lair:3   | XOM: confuse monster(s)
 12892 | Lair:3   | Reached skill level 10 in Axes
 13074 | Lair:4   | Noticed Kirke
 13080 | Lair:4   | Killed Kirke
 13197 | Lair:4   | Found a staircase to the Slime Pits.
 13198 | Lair:4   | Found a viscous altar of Jiyva.
 13224 | Lair:4   | XOM: cloud trail
 13645 | Lair:5   | XOM: destruction
 13949 | Lair:5   | XOM: polymorph lindwurm -> glowing shapeshifter
 13954 | Lair:5   | Found a large runed translucent door.
 13954 | Lair:5   | Found a large runed translucent door.
 13956 | Lair:5   | XOM: silly message
 13960 | Lair:5   | XOM: cleaving
 14122 | Lair:5   | XOM: god gift: scroll of noise
 14529 | Lair:5   | XOM: summons 4 hostile shadow creatures
 14923 | D:12     | Reached skill level 12 in Shields
 14925 | D:12     | XOM: silly message
 14958 | D:12     | XOM: chaos upgrade
 14965 | D:12     | XOM: chaos upgrade
 14966 | D:12     | Reached XP level 15. HP: 127/145 MP: 15/15
 14971 | D:12     | XOM: swap monsters
 15007 | D:12     | Got the Codex of Virous Arson
 15099 | D:12     | XOM: give mutation
 15099 | D:12     | Gained mutation: You are dopey. (Int -2) [Xom's mischief]
 15118 | D:12     | Identified the +1 scale mail "Vuzxoone" {Fly Dex+2}
 15327 | D:12     | XOM: torment (81/145 hp)
 15462 | D:13     | Noticed Nessos
 15469 | D:13     | Killed Nessos
 15471 | D:13     | Identified the +4 rapier of Overwhelming Force {venom,
                  | rPois Will+}
 15544 | D:13     | XOM: blink monster(s)
 15642 | D:13     | XOM: torment (81/145 hp)
 15720 | D:13     | XOM: summons 3 hostile shadow creatures
 15888 | D:13     | Found Wughuic's Weapon Emporium.
 16136 | D:14     | Found Futul's Weapon Shop.
 16147 | D:14     | Reached skill level 13 in Shields
 16167 | D:14     | Found a gate leading to a gauntlet.
 16240 | Gauntlet | Entered a Gauntlet
 16240 | Gauntlet | Found a transporter.
 16243 | Gauntlet | Found a transporter.
 16256 | Gauntlet | Found a transporter.
 16259 | Gauntlet | Found a transporter.
 16277 | Gauntlet | Found a transporter.
 16290 | Gauntlet | Found a transporter.
 16295 | Gauntlet | Found a transporter.
 16299 | Gauntlet | Found a transporter.
 16327 | Gauntlet | Found a transporter.
 16329 | Gauntlet | Found a transporter.
 16332 | Gauntlet | Found a transporter.
 16350 | Gauntlet | Found a transporter.
 16495 | Gauntlet | Identified the ring "Zohoiley" {Int+3 Dex+6}
 16509 | Gauntlet | XOM: summons 3 hostile demons
 16650 | D:14     | XOM: silly message
 16653 | D:14     | XOM: smoke on damage
 16657 | D:14     | XOM: cast spell 'Summon Cactus Giant'
 16669 | D:14     | Found a gate to the Vaults.
 16736 | D:14     | XOM: summons friendly iron imp
 16808 | D:14     | Found a runed translucent door.
 16808 | D:14     | Noticed Qymaymp's ghost (adept GrEE)
 16820 | D:14     | Found Reiwital's Distillery.
 16834 | D:14     | Bought a potion of mutation for 120 gold pieces
 16896 | D:14     | Found Qanuc's Distillery.
 16899 | D:14     | Bought 2 potions of resistance for 280 gold pieces
 16899 | D:14     | Bought a potion of resistance for 140 gold pieces
 17035 | D:14     | Found Idirph's Antique Weapon Emporium.
 17200 | D:14     | XOM: god gift: Everburning Encyclopedia
 17486 | D:14     | XOM: cloud trail
 17623 | D:15     | Entered Level 15 of the Dungeon
 17633 | D:15     | XOM: scenery: create altars
 17652 | D:15     | XOM: scenery: create altars
 17676 | D:15     | XOM: god gift: +1 war axe of chaos
 17883 | D:15     | XOM: polymorph hell rat -> ufetubus
 17948 | D:15     | XOM: polymorph orc knight -> meliai
 17953 | D:15     | Reached XP level 16. HP: 146/155 MP: 16/16
 18099 | D:15     | Found a staircase to the Depths.
 18488 | Spider:1 | Entered Level 1 of the Spider Nest
 18562 | Spider:1 | Reached skill level 14 in Shields
 18570 | Spider:1 | XOM: destruction
 18637 | Spider:1 | XOM: potion effect (berserk rage)
 18693 | Spider:1 | Noticed Azrael
 18707 | Spider:1 | Killed Azrael
 18711 | Spider:1 | XOM: summons friendly white imp
 18763 | Spider:1 | You fall into a shaft and drop 1 floor!
 18763 | Spider:2 | Noticed Arachne
 18763 | Spider:2 | XOM: enchant monster (good)
 18764 | Spider:2 | XOM: potion effect (invisibility)
 18776 | Spider:2 | Found a glacial archway.
 18780 | Spider:2 | Killed Arachne
 18798 | IceCv    | Entered an ice cave
 18875 | IceCv    | XOM: silly message
 18884 | IceCv    | Identified the +1 pair of boots of Daruom {MP+9}
 19063 | IceCv    | XOM: divination: detect creatures
 19146 | IceCv    | Reached skill level 10 in Dodging
 19146 | IceCv    | XOM: cleaving
 19283 | IceCv    | XOM: polymorph white ugly thing -> red ugly thing
 19304 | IceCv    | Identified the amulet "Ilil" {Regen+ Int+5} (Xom gifted it
                  | to you in an ice cave)
 19304 | IceCv    | XOM: god gift: amulet "Ilil" {Regen+ Int+5}
 19306 | IceCv    | XOM: scenery: create altars
 19529 | Spider:2 | XOM: summons friendly iron imp
 19639 | Spider:2 | Noticed Asterion
 19647 | Spider:2 | Killed Asterion
 19722 | Spider:2 | Reached XP level 17. HP: 165/165 MP: 17/17
 19747 | Spider:2 | XOM: blink monster(s)
 19989 | Spider:1 | XOM: noise
 20247 | Spider:3 | Reached skill level 15 in Shields
 20331 | Spider:3 | XOM: 1-stop teleportation journey
 20366 | Spider:3 | XOM: smoke on damage
 20583 | Spider:4 | Entered Level 4 of the Spider Nest
 20583 | Spider:4 | Noticed Mlioglotl
 20596 | Spider:4 | Killed Mlioglotl
 20605 | Spider:4 | XOM: divination: detect items
 20654 | Spider:4 | XOM: destruction
 20906 | Spider:4 | XOM: noise
 20916 | Spider:4 | XOM: cast spell 'Summon Small Mammal'
 20991 | Spider:4 | XOM: summons friendly ufetubus
 21000 | Spider:4 | XOM: chaos cloud
 21008 | Spider:4 | XOM: give mutations
 21008 | Spider:4 | Lost mutation: Your muscles are very strong. (Str +8,
                  | Int/Dex -2) [Xom's mischief]
 21008 | Spider:4 | Lost mutation: You have sharp toenails. [Xom's mischief]
 21008 | Spider:4 | Lost mutation: You have a pair of small horns on your head.
                  | [Xom's mischief]
 21260 | Spider:4 | XOM: summons 1 hostile demon
 21406 | Spider:4 | XOM: enchant monster (bad)
 21409 | Spider:4 | XOM: give mutations
 21409 | Spider:4 | Gained mutation: Your spells are a little harder to cast,
                  | but a little more powerful. [Xom's mischief]
 21409 | Spider:4 | Lost mutation: You are dopey. (Int -2) [Xom's mischief]
 21565 | Spider:4 | Got a milky-white gem with 55 turns to spare
 21692 | Spider:4 | Got a gossamer rune of Zot
 22021 | Orc:1    | Bought a ring of flight for 192 gold pieces
 22225 | Shoals:1 | Entered Level 1 of the Shoals
 22225 | Shoals:1 | Found Toun's Gadget Gallery.
 22230 | Shoals:1 | Bought a condenser vane for 720 gold pieces
 22240 | Shoals:1 | XOM: 5-stop teleportation journey
 22245 | Shoals:1 | Noticed a kraken
 22255 | Shoals:1 | Killed a kraken
 22257 | Shoals:1 | XOM: enchant monster (bad)
 22576 | Shoals:1 | XOM: summons 4 hostile demons
 22999 | Shoals:2 | Reached XP level 18. HP: 172/177 MP: 18/18
 23015 | Shoals:2 | XOM: summons 5 friendly demons
 23133 | Shoals:2 | XOM: noise
 23232 | Shoals:2 | Reached skill level 16 in Shields
 23235 | Shoals:2 | XOM: fake destruction
 23257 | Shoals:2 | Found a bloodstained altar of Trog.
 23391 | Shoals:2 | XOM: give mutations
 23391 | Shoals:2 | Gained mutation: You have a somewhat thin skeletal
                  | structure. (Dex +2, Stealth+) [Xom's grace]
 23391 | Shoals:2 | Gained mutation: Your spells are harder to cast, but more
                  | powerful. [Xom's grace]
 23391 | Shoals:2 | Gained mutation: You have a moderately thin skeletal
                  | structure. (Dex +4, Stealth++) [Xom's grace]
 23391 | Shoals:2 | Gained mutation: Your movements are slightly less
                  | encumbered by armour. (ER -2) [Xom's grace]
 23504 | Shoals:2 | Found Ruazxuqo's Antique Weapon Emporium.
 23707 | Shoals:3 | Found Goeraoli's Specific Store.
 23711 | Shoals:3 | Found Amoackon's General Store.
 23729 | Shoals:3 | Bought the +4 broad axe of Qait {vamp, Fly} for 534 gold
                  | pieces
 23760 | Shoals:3 | Noticed Polyphemus
 23772 | Shoals:3 | Reached skill level 15 in Evocations
 23776 | Shoals:3 | Killed Polyphemus
 24047 | Shoals:3 | Noticed Donald
 24055 | Shoals:3 | Killed Donald
 24175 | Shoals:3 | XOM: silly message
 24443 | Shoals:4 | Entered Level 4 of the Shoals
 24448 | Shoals:4 | Paralysed by a formless jellyfish for 1 turns
 24450 | Shoals:4 | XOM is BORED!
 24450 | Shoals:4 | XOM: repel stairs
 24501 | Shoals:4 | Found Syeduas's Antique Armour Shop.
 24592 | Shoals:4 | Identified the scarf of Xejamu Utef {harm, *Slow rN+ Int+3}
 24624 | Shoals:4 | Found Xesig's Armour Shop.
 24624 | Shoals:4 | XOM: 1-stop teleportation journey
 24631 | Shoals:4 | XOM: give mutations
 24631 | Shoals:4 | Lost mutation: You possess an exceptional clarity of mind.
                  | [Xom's mischief]
 24631 | Shoals:4 | Lost mutation: You are agile. (Dex +4, Str/Int -1) [Xom's
                  | mischief]
 24642 | Shoals:4 | XOM: polymorph harpy -> shapeshifter
 24667 | Shoals:4 | Found Voimm's Magic Scroll Shop.
 24694 | Shoals:4 | Bought a scroll of enchant weapon for 112 gold pieces
 24717 | Shoals:4 | XOM: cast spell 'Olgreb's Toxic Radiance'
 24750 | Shoals:4 | XOM: swap monsters
 24927 | Shoals:4 | XOM: noise
 24944 | Shoals:4 | Identified the amulet of Conformity {Spirit rC+ Str+3}
 25003 | Shoals:4 | Got a barnacled rune of Zot
 25010 | Shoals:4 | XOM: scenery: 2 doors close
 25037 | Shoals:4 | Found Mangipn's Distillery.
 25041 | Shoals:4 | Bought a potion of enlightenment for 80 gold pieces
 25041 | Shoals:4 | Bought a potion of haste for 160 gold pieces
 25041 | Shoals:4 | Bought a potion of might for 64 gold pieces
 25041 | Shoals:4 | Bought a potion of haste for 160 gold pieces
 25115 | Shoals:4 | XOM: divination: magic mapping
 25290 | Shoals:4 | XOM: stat loss: -1 Dex (18/19)
 25309 | Shoals:4 | Got the Anthology of the Illusory Hells
 25621 | D:11     | XOM is BORED!
 25683 | Vaults:1 | Entered Level 1 of the Vaults
 25685 | Vaults:1 | Noticed Nikola
 25698 | Vaults:1 | Killed Nikola
 25731 | Vaults:1 | Reached skill level 15 in Fighting
 25741 | Vaults:1 | XOM: enchant monster (bad)
 25849 | Vaults:1 | Identified the +10 morningstar of Sehev {drain, rPois
                  | Int+4}
 25984 | Vaults:1 | Noticed a lich
 25984 | Vaults:1 | Noticed a lich
 25989 | Vaults:1 | XOM: confusion (+ monsters)
 25995 | Vaults:1 | Killed a lich
 25997 | Vaults:1 | XOM: summons friendly white imp
 26007 | Vaults:1 | XOM: fog
 26015 | Vaults:1 | Killed a lich
 26029 | Vaults:1 | Got the Vellum of the Excruciating Alembic
 26036 | Vaults:1 | Got Sif Muna's Handbook of Violent Bringing Forth
 26068 | Vaults:1 | Reached XP level 19. HP: 187/187 MP: 2/19
 26444 | Vaults:1 | XOM: summons friendly ufetubus
 26713 | Vaults:1 | Reached skill level 17 in Shields
 27162 | Vaults:1 | XOM: silly message
 27304 | Vaults:1 | XOM: silly message
 27502 | Vaults:1 | XOM: potion effect (attraction)
 28298 | Vaults:1 | Reached skill level 10 in Armour
 28396 | Vaults:1 | XOM: noise
 28802 | Vaults:2 | XOM: god gift: 59 gold pieces
 28816 | Vaults:2 | XOM: noise
 28898 | Vaults:2 | XOM: destruction
 29106 | Vaults:2 | Noticed Zenata
 29107 | Vaults:2 | XOM: enchant monster (good)
 29120 | Vaults:2 | Killed Zenata
 29143 | Vaults:2 | XOM: divination: magic mapping
 29380 | Vaults:2 | XOM: polymorph frost giant -> death drake
 29514 | Vaults:2 | XOM is BORED!
 29514 | Vaults:2 | XOM: summons 10 hostile demons
 29913 | Vaults:2 | XOM: give mutations
 29913 | Vaults:2 | Gained mutation: Your mind is acute. (Int +4, Str/Dex -1)
                  | [Xom's mischief]
 29913 | Vaults:2 | Lost mutation: Your muscles are strong. (Str +4, Int/Dex
                  | -1) [Xom's mischief]
 29913 | Vaults:2 | Lost mutation: Your flesh is heat resistant. (rF+) [Xom's
                  | mischief]
 29913 | Vaults:2 | Lost mutation: You are partially covered in iridescent
                  | scales. (AC +2) [Xom's mischief]
 30202 | Vaults:2 | Found Kifodgh's Weapon Boutique.
 30265 | Vaults:2 | XOM: enchant monster (good)
 30269 | Vaults:2 | XOM: scenery: 1 doors open
 30484 | Vaults:2 | XOM: silly message
 30495 | Vaults:2 | XOM: chaos upgrade
 30499 | Vaults:2 | Paralysed by a sphinx for 4 turns
 30501 | Vaults:2 | XOM: enchant monster (good)
 30690 | Vaults:2 | Found the +9 sword of Power {lifebolt}
 30712 | Vaults:2 | Identified the +1 war axe "Xipowk" {distort, rC- Will+
                  | Str+4 Int+3}
 30860 | Vaults:2 | Identified the +8 rapier "Filocah" {venom, rN+ rCorr Int+3}
 30925 | Vaults:2 | Noticed Xtahua
 30954 | Vaults:2 | XOM: give mutation
 30954 | Vaults:2 | Gained mutation: You have a beak for a mouth. [Xom's
                  | mischief]
 30955 | Vaults:2 | Killed Xtahua
 30956 | Vaults:2 | Reached XP level 20. HP: 124/198 MP: 1/20
 31395 | Vaults:3 | XOM: swap monsters
 31537 | Vaults:3 | XOM: give mutation
 31537 | Vaults:3 | Gained mutation: You are partially covered in iridescent
                  | scales. (AC +2) [Xom's grace]
 31587 | Vaults:3 | Found a radiant altar of Vehumet.
 31679 | Vaults:3 | Identified the +2 hat of Decompression {Harm +Inv Int-4
                  | Stlth+}
 31910 | Vaults:3 | XOM: summons 7 hostile demons
 32103 | Vaults:3 | XOM: 7-stop teleportation journey
 32178 | Vaults:3 | XOM: scenery: create altars
 32457 | Vaults:3 | XOM: enchant monster (bad)
 32465 | Vaults:3 | XOM: polymorph ironbound frostheart -> sun moth
 32606 | Vaults:3 | Reached skill level 18 in Shields
 33129 | Vaults:3 | Found a staircase to the Crypt.
 33129 | Vaults:3 | Found a basalt altar of Yredelemnul.
 33130 | Vaults:3 | Found an ancient bone altar of Kikubaaqudgha.
 33315 | Vaults:3 | XOM: divination: detect items
 33343 | Vaults:3 | XOM: cloud trail
 33349 | Vaults:3 | XOM: god gift: staff of death
 33759 | Vaults:3 | XOM: scenery: 6 doors close
 33821 | Vaults:4 | XOM: chaos upgrade
 33822 | Vaults:4 | Reached skill level 15 in Axes
 33829 | Vaults:4 | XOM: potion effect (magic)
 34055 | Vaults:4 | XOM: summons friendly white imp
 34056 | Vaults:4 | XOM: confuse monster(s)
 34067 | Vaults:4 | XOM: confuse monster(s)
 34198 | Vaults:4 | XOM: summons 14 friendly demons
 34206 | Vaults:4 | XOM: give mutation
 34206 | Vaults:4 | Gained mutation: Your flesh is cold resistant. (rC+) [Xom's
                  | grace]
 34316 | Vaults:4 | XOM: smoke on damage
 34318 | Vaults:4 | XOM: fog
 34397 | Vaults:4 | XOM: 3-stop teleportation journey
 34514 | Vaults:4 | XOM: confusion
 35126 | Vaults:4 | XOM: scenery: 1 doors open, 1 doors close
 35163 | Vaults:4 | XOM: summons 4 hostile demons
 35195 | Vaults:4 | XOM: give mutations
 35195 | Vaults:4 | Lost mutation: Your tail ends in a venomous barb. [Xom's
                  | mischief]
 35195 | Vaults:4 | Lost mutation: You are partially covered in iridescent
                  | scales. (AC +2) [Xom's mischief]
 35195 | Vaults:4 | Lost mutation: Your flesh is cold resistant. (rC+) [Xom's
                  | mischief]
 35981 | Vaults:4 | Identified the ring "Hocerph" {rC- Will+ Str-5 Dex+6 SInv}
 35984 | Vaults:4 | Identified the +5 sling "Irudgheb" {drain, rC+}
 36003 | Vaults:4 | Identified the +1 ring mail of Liocrum {rElec rF+ rC-
                  | Int+3}
 36012 | Vaults:4 | Identified the +7 mace of the Aged Artists {flame, *Rage
                  | ^Drain rPois Dex+7}
 36175 | Vaults:5 | Entered Level 5 of the Vaults
 36177 | Vaults:5 | XOM: blink monster(s)
 36181 | Vaults:5 | Reached XP level 21. HP: 177/207 MP: 1/21
 36184 | Vaults:5 | XOM: polymorph stone giant -> glowing orange brain
 36185 | Vaults:5 | XOM: summons friendly iron imp
 36199 | Vaults:5 | XOM: divination: detect creatures
 36228 | Vaults:5 | XOM: silly message
 36229 | Vaults:5 | XOM: cleaving
 36264 | Vaults:5 | XOM: smoke on damage
 36283 | Vaults:5 | XOM: cleaving
 36301 | Vaults:5 | XOM: potion effect (brilliance)
 36305 | Vaults:5 | XOM: confuse monster(s)
 36306 | Vaults:5 | XOM: cast spell 'Summon Ice Beast'
 36330 | Vaults:5 | XOM: potion effect (curing)
 36332 | Vaults:5 | Reached skill level 19 in Shields
 36413 | Vaults:5 | XOM: silly message
 36512 | Vaults:5 | Found Usil's General Store.
 36520 | Vaults:5 | Bought a scroll of teleportation for 51 gold pieces
 36520 | Vaults:5 | Bought 2 potions of heal wounds for 170 gold pieces
 36520 | Vaults:5 | Bought a potion of might for 68 gold pieces
 36531 | Vaults:5 | Got a silver rune of Zot
 36590 | Vaults:5 | XOM: 6-stop teleportation journey
 36628 | Vaults:5 | Found Anwan's Magic Scroll Shoppe.
 36628 | Vaults:5 | Found Zehiothro's Book Shoppe.
 36632 | Vaults:5 | Bought a scroll of enchant armour for 135 gold pieces
 36644 | Vaults:5 | Found Noak Vyi's Jewellery Boutique.
 36653 | Vaults:5 | XOM: cast spell 'Alistair's Intoxication'
 36654 | Vaults:5 | XOM: smoke on damage
 36802 | Vaults:5 | XOM: 3-stop teleportation journey
 37160 | Vaults:5 | Bought the ring of the Hare {EV+10} for 2048 gold pieces
 37160 | Vaults:5 | Found the ring of the Hare {EV+10}
 37227 | Vaults:5 | XOM: cast spell 'Death Channel'
 37334 | Vaults:5 | Identified the +1 scimitar of Dithmenos, Crafting {freeze,
                  | rElec rF+ rCorr}
 37447 | Vaults:5 | Found Fosek's Antique Armour Shoppe.
 37764 | Vaults:5 | Found Yheusuc's Magic Scroll Shop.
 37764 | Vaults:5 | Found Rats's Magic Scroll Shoppe.
 37769 | Vaults:5 | Bought a scroll of teleportation for 42 gold pieces
 37776 | Vaults:5 | Bought 2 scrolls of blinking for 240 gold pieces
 37776 | Vaults:5 | Bought a scroll of enchant weapon for 120 gold pieces
 37776 | Vaults:5 | Bought a scroll of blinking for 120 gold pieces
 37776 | Vaults:5 | Bought a scroll of blinking for 120 gold pieces
 37819 | Vaults:5 | XOM: scenery: 3 doors close
 37941 | Vaults:5 | XOM: confusion
 38281 | Depths:1 | Entered Level 1 of the Depths
 38290 | Depths:1 | Reached XP level 22. HP: 183/215 MP: 2/22
 38294 | Depths:1 | XOM: polymorph necromancer -> hornet
 38297 | Depths:1 | XOM: smoke on damage
 38299 | Depths:1 | XOM: enchant monster (good)
 38300 | Depths:1 | XOM: scenery: summon butterflies
 38309 | Depths:1 | XOM: polymorph hell knight -> culicivora
 38374 | Depths:1 | XOM: fog
 38383 | Depths:1 | XOM: fog
 38695 | Depths:1 | Found a gateway to Hell.
 38703 | Depths:1 | XOM: smoke on damage
 38990 | Depths:1 | XOM: cloud trail
 39027 | Depths:1 | Found a basalt altar of Yredelemnul.
 39075 | Depths:1 | XOM: 5-stop teleportation journey
 39914 | Depths:2 | Found a stormy altar of Qazlal.
 39936 | Depths:2 | Found a one-way gate leading to the halls of Pandemonium.
 40270 | Depths:2 | XOM: enchant monster (good)
 40285 | Depths:2 | Reached skill level 15 in Armour
 40527 | Depths:2 | Found a one-way gateway to a ziggurat.
 40620 | Depths:2 | XOM: blink monster(s)
 40788 | Depths:2 | Gained mutation: Your magical capacity is low. (-10% MP) [a
                  | shining eye]
 41126 | Zig:1    | Entered Level 1 of a ziggurat
 41136 | Zig:2    | Entered Level 2 of a ziggurat
 41165 | Zig:3    | Entered Level 3 of a ziggurat
 41170 | Zig:3    | XOM: potion effect (haste)
 41193 | Zig:4    | Entered Level 4 of a ziggurat
 41205 | Zig:4    | XOM: swap monsters
 41212 | Zig:4    | XOM: confuse monster(s)
 41615 | Depths:3 | XOM: destruction
 41708 | Depths:3 | Found Voklojel's Antique Armour Emporium.
 41713 | Depths:3 | Found Nyoreurch's Antique Armour Shoppe.
 41901 | Depths:3 | Found a one-way gate to the infinite horrors of the Abyss.
 42140 | Depths:3 | XOM: summons friendly white imp
 42250 | Depths:3 | Noticed a juggernaut
 42254 | Depths:3 | XOM: silly message
 42254 | Depths:3 | Noticed a dread lich
 42300 | Depths:3 | Killed a dread lich
 42423 | Depths:3 | Reached XP level 23. HP: 229/229 MP: 4/20
 42495 | Depths:3 | Identified the +1 robe "Ateiruc" {rC+ rCorr Dex+2}
 42523 | Depths:3 | Killed a juggernaut
 42652 | Depths:3 | XOM: summons 1 hostile shadow creature
 42804 | Depths:3 | XOM: give mutations
 42804 | Depths:3 | Lost mutation: Your magical capacity is low. (-10% MP)
                  | [Xom's mischief]
 42804 | Depths:3 | Lost mutation: Your spells are harder to cast, but more
                  | powerful. [Xom's mischief]
 42804 | Depths:3 | Lost mutation: Your mind is acute. (Int +4, Str/Dex -1)
                  | [Xom's mischief]
 42804 | Depths:3 | Lost mutation: Your spells are a little harder to cast, but
                  | a little more powerful. [Xom's mischief]
 42843 | Depths:4 | Entered Level 4 of the Depths
 42862 | Depths:4 | Reached skill level 20 in Shields
 43047 | Depths:4 | Noticed a caustic shrike
 43049 | Depths:4 | Noticed a caustic shrike
 43052 | Depths:4 | Noticed a caustic shrike
 43052 | Depths:4 | Noticed a caustic shrike
 43054 | Depths:4 | Noticed a caustic shrike
 43056 | Depths:4 | XOM: divination: detect creatures
 43210 | Depths:4 | Found a portal to a secret trove of treasure.
 43233 | Depths:4 | XOM: summons 4 friendly demons
 43247 | Depths:4 | Killed a caustic shrike
 43513 | Depths:4 | Killed a caustic shrike
 43521 | Depths:4 | XOM: cast spell 'Summon Cactus Giant'
 43527 | Depths:4 | XOM: summons 3 friendly demons
 43538 | Depths:4 | XOM: silly message
 43716 | Depths:4 | Found a gate to the Realm of Zot.
 43718 | Depths:4 | XOM: summons friendly ufetubus
 43732 | Depths:4 | XOM: scenery: 2 doors open, 3 doors close
 43804 | Depths:4 | XOM: potion effect (invisibility)
 43846 | Depths:4 | XOM: summons friendly shadow imp
 43865 | Depths:4 | XOM: divination: detect items
 43955 | Depths:4 | XOM: give mutations
 43955 | Depths:4 | Gained mutation: Your magical capacity is low. (-10% MP)
                  | [Xom's mischief]
 43955 | Depths:4 | Gained mutation: Your movements are less encumbered by
                  | armour. (ER -4) [Xom's mischief]
 43955 | Depths:4 | Gained mutation: You are partially covered in iridescent
                  | scales. (AC +2) [Xom's mischief]
 43966 | Depths:4 | a caustic shrike changed into a shapeshifter
 43966 | Depths:4 | XOM: polymorph caustic shrike -> shapeshifter
 43984 | Depths:4 | XOM: confusion (+ monsters)
 43985 | Depths:4 | XOM: confuse monster(s)
 43989 | Depths:4 | XOM: cleaving
 44002 | Depths:4 | Killed a caustic shrike
 44029 | Depths:4 | XOM: enchant monster (good)
 44031 | Depths:4 | Killed a caustic shrike
 44199 | D:11     | XOM: cloud trail
 44408 | D:1      | Bought the +9 staff of Olgreb {rPois∞} for 1100 gold pieces
 44408 | D:1      | Found the +9 staff of Olgreb {rPois∞}
 44750 | Depths:3 | XOM: summons 3 hostile demons
 44784 | Depths:4 | XOM: silly message
 44883 | Depths:4 | You paid a toll of the staff of Olgreb to enter a treasure
                  | trove
 44884 | Trove    | Entered a treasure trove
 44907 | Trove    | Identified the +1 orcbow "Foakh" {drain, ^Drain Fly rElec
                  | rC++}
 44947 | Trove    | Found the +8 mithril axe "Arga" {speed, Will+}
 44955 | Trove    | Identified the +1 double sword "Vuanuamifi" {flame, rElec
                  | Str+2}
 45271 | Depths:4 | XOM: cloud trail
 45438 | Depths:4 | XOM: god gift: 25 gold pieces
 45533 | Zot:1    | XOM: noise
 45533 | Zot:1    | Entered Level 1 of the Realm of Zot
 45580 | Zot:1    | XOM: blink monster(s)
 45666 | Zot:1    | XOM: swap monsters
 45858 | Zot:1    | XOM: chaos upgrade
 45860 | Zot:1    | XOM: enchant monster (bad)
 45915 | Zot:1    | Identified the ring of the Ban {Ice Will- Dex+2 Slay+3}
 45915 | Zot:1    | Noticed Josephina
 45932 | Zot:1    | Killed Josephina
 45938 | Zot:1    | XOM: noise
 46137 | Zot:1    | XOM: noise
 46374 | Zot:1    | XOM: god gift: 30 gold pieces
 46695 | Zot:4    | XOM: 1-stop teleportation journey
 46701 | Zot:4    | XOM: enchant monster (bad)
 46705 | Zot:4    | XOM: confuse monster(s)
 46739 | Zot:4    | XOM: cast spell 'Discord'
 46773 | Zot:4    | Reached XP level 24. HP: 222/239 MP: 20/20
 46786 | Zot:4    | XOM: chaos upgrade
 46816 | Zot:4    | XOM: summons 15 friendly demons
 46825 | Zot:4    | XOM: summons friendly iron imp
 46845 | Zot:4    | XOM: summons 6 hostile demons
 46929 | Zot:4    | XOM: polymorph iron imp -> white imp
 46953 | Zot:4    | XOM: torment (126/239 hp)
 46955 | Zot:4    | XOM: polymorph red draconian scorcher -> shapeshifter
 46967 | Zot:4    | XOM: noise
 46999 | Zot:4    | Reached skill level 15 in Dodging
 47021 | Zot:4    | XOM: divine lightning
 47056 | Zot:5    | Entered Level 5 of the Realm of Zot
 47378 | Zot:5    | Noticed a dread lich
 47380 | Zot:5    | XOM: fog
 47381 | Zot:5    | XOM: god gift: 35 gold pieces
 47394 | Zot:5    | Killed a dread lich
 47394 | Zot:5    | XOM: confuse monster(s)
 47473 | Zot:5    | Noticed a Killer Klown
 47488 | Zot:5    | Killed a Killer Klown
 47583 | Zot:5    | Reached skill level 21 in Shields
 47583 | Zot:5    | Noticed a Killer Klown
 47584 | Zot:5    | Noticed a dread lich
 47584 | Zot:5    | Noticed an orb of fire
 47584 | Zot:5    | Noticed an orb of fire
 47585 | Zot:5    | XOM: enchant monster (good)
 47585 | Zot:5    | Gained mutation: You are weak. (Str -2) [an orb of fire]
 47589 | Zot:5    | XOM: cast spell 'Cause Fear'
 47591 | Zot:5    | Lost mutation: You are robust. (+10% HP) [an orb of fire]
 47598 | Zot:5    | Gained mutation: You are clumsy. (Dex -2) [an orb of fire]
 47605 | Zot:5    | Gained mutation: You occasionally lose the ability to drink
                  | potions when taking damage. [an orb of fire]
 47613 | Zot:5    | Gained mutation: You sometimes lose your temper in combat.
                  | [an orb of fire]
 47614 | Zot:5    | Killed an orb of fire
 47615 | Zot:5    | Gained mutation: You are dopey. (Int -2) [an orb of fire]
 47617 | Zot:5    | XOM: scenery: create altars
 47632 | Zot:5    | XOM: god gift: 769 gold pieces
 47643 | Zot:5    | Noticed an ancient lich
 47643 | Zot:5    | XOM: 6-stop teleportation journey
 47650 | Zot:5    | XOM: destruction
 47660 | Zot:5    | Gained mutation: You are very weak. (Str -4) [an orb of
                  | fire]
 47661 | Zot:5    | XOM: 1-stop teleportation journey
 47666 | Zot:5    | Noticed an ancient lich
 47666 | Zot:5    | Noticed an orb of fire
 47666 | Zot:5    | Noticed an orb of fire
 47668 | Zot:5    | Noticed a Killer Klown
 47670 | Zot:5    | Noticed an orb of fire
 47673 | Zot:5    | Noticed an orb of fire
 47674 | Zot:5    | Gained mutation: Your body sometimes deteriorates upon
                  | taking damage. [an orb of fire]
 47676 | Zot:5    | XOM: divination: detect items
 47680 | Zot:5    | XOM: summons 2 friendly demons
 47692 | Zot:5    | Killed an ancient lich
 47704 | Zot:5    | XOM: fog
 47706 | Zot:5    | Killed an ancient lich
 47706 | Zot:5    | Gained mutation: You are very dopey. (Int -4) [an orb of
                  | fire]
 47709 | Zot:5    | XOM: cleaving
 47714 | Zot:5    | Killed an orb of fire
 47717 | Zot:5    | Gained mutation: You are frail. (-10% HP) [an orb of fire]
 47717 | Zot:5    | Gained mutation: You are very frail. (-20% HP) [an orb of
                  | fire]
 47720 | Zot:5    | Gained mutation: Your magical capacity is very low. (-20%
                  | MP) [an orb of fire]
 47725 | Zot:5    | XOM: confuse monster(s)
 47728 | Zot:5    | XOM: summons 9 friendly demons
 47728 | Zot:5    | Gained mutation: You are very clumsy. (Dex -4) [an orb of
                  | fire]
 47735 | Zot:5    | Lost mutation: You have a moderately thin skeletal
                  | structure. (Dex +4, Stealth++) [potion of mutation]
 47735 | Zot:5    | Lost mutation: You sometimes lose your temper in combat.
                  | [potion of mutation]
 47735 | Zot:5    | Lost mutation: Your system is resistant to poisons. (rPois)
                  | [potion of mutation]
 47735 | Zot:5    | Lost mutation: You are very dopey. (Int -4) [potion of
                  | mutation]
 47736 | Zot:5    | Lost mutation: You have a beak for a mouth. [potion of
                  | mutation]
 47736 | Zot:5    | Lost mutation: Your magical capacity is very low. (-20% MP)
                  | [potion of mutation]
 47736 | Zot:5    | Lost mutation: Your movements are less encumbered by
                  | armour. (ER -4) [potion of mutation]
 47736 | Zot:5    | Gained mutation: You are strong-willed. (Will+) [potion of
                  | mutation]
 47737 | Zot:5    | Lost mutation: You are dopey. (Int -2) [potion of mutation]
 47737 | Zot:5    | Lost mutation: Your body sometimes deteriorates upon taking
                  | damage. [potion of mutation]
 47737 | Zot:5    | Lost mutation: Your magical capacity is low. (-10% MP)
                  | [potion of mutation]
 47737 | Zot:5    | Lost mutation: You have a somewhat thin skeletal structure.
                  | (Dex +2, Stealth+) [potion of mutation]
 47737 | Zot:5    | Lost mutation: You are very weak. (Str -4) [potion of
                  | mutation]
 47752 | Zot:5    | Gained mutation: Your health recovers twice as slowly from
                  | being drained. [an orb of fire]
 47877 | Zot:5    | Gained mutation: Potions are less effective at restoring
                  | your health. [an orb of fire]
 47881 | Zot:5    | Gained mutation: You are dopey. (Int -2) [an orb of fire]
 47887 | Zot:5    | XOM: noise
 47887 | Zot:5    | Gained mutation: You are extremely frail. (-30% HP) [an orb
                  | of fire]
 47915 | Zot:5    | XOM: cast spell 'Summon Hydra'
 47915 | Zot:5    | Gained mutation: You sometimes lose your temper in combat.
                  | [an orb of fire]
 47926 | Zot:5    | Gained mutation: You are very dopey. (Int -4) [an orb of
                  | fire]
 47929 | Zot:5    | Killed an orb of fire
 47930 | Zot:5    | Lost mutation: You are extremely frail. (-30% HP) [potion
                  | of mutation]
 47930 | Zot:5    | Lost mutation: You are very clumsy. (Dex -4) [potion of
                  | mutation]
 47930 | Zot:5    | Lost mutation: You are very frail. (-20% HP) [potion of
                  | mutation]
 48047 | Zot:5    | Gained mutation: You are very frail. (-20% HP) [an orb of
                  | fire]
 48060 | Zot:5    | Gained mutation: You are extremely frail. (-30% HP) [an orb
                  | of fire]
 48063 | Zot:5    | Gained mutation: You are very clumsy. (Dex -4) [an orb of
                  | fire]
 48066 | Zot:5    | Killed an orb of fire
 48139 | Zot:5    | XOM: confuse monster(s)
 48142 | Zot:5    | XOM: confuse monster(s)
 48146 | Zot:5    | Killed a dread lich
 48168 | Zot:5    | Killed a Killer Klown
 48238 | Zot:5    | XOM: smoke on damage
 48242 | Zot:5    | XOM: god gift: scorched chain mail {god gift}
 48242 | Zot:5    | Identified the +6 chain mail of Xom's Brutal Revenge {rElec
                  | Will+ Dex+3 SInv} (Xom gifted it to you on level 5 of the
                  | Realm of Zot)
 48281 | Zot:5    | Lost mutation: You are very clumsy. (Dex -4) [potion of
                  | mutation]
 48281 | Zot:5    | Lost mutation: Your movements are slightly less encumbered
                  | by armour. (ER -2) [potion of mutation]
 48281 | Zot:5    | Lost mutation: You are partially covered in iridescent
                  | scales. (AC +2) [potion of mutation]
 48281 | Zot:5    | Gained mutation: You have sharp fingernails. [potion of
                  | mutation]
 48282 | Zot:5    | Lost mutation: Your health recovers twice as slowly from
                  | being drained. [potion of mutation]
 48282 | Zot:5    | Lost mutation: You occasionally lose the ability to drink
                  | potions when taking damage. [potion of mutation]
 48282 | Zot:5    | Lost mutation: You are weak. (Str -2) [potion of mutation]
 48282 | Zot:5    | Gained mutation: You passively map a small area around you.
                  | [potion of mutation]
 48283 | Zot:5    | Lost mutation: You are clumsy. (Dex -2) [potion of
                  | mutation]
 48283 | Zot:5    | Lost mutation: You are strong-willed. (Will+) [potion of
                  | mutation]
 48283 | Zot:5    | Lost mutation: You sometimes lose your temper in combat.
                  | [potion of mutation]
 48283 | Zot:5    | Gained mutation: You occasionally lose the ability to read
                  | scrolls when taking damage. [potion of mutation]
 48284 | Zot:5    | Lost mutation: You have sharp fingernails. [potion of
                  | mutation]
 48284 | Zot:5    | Lost mutation: You occasionally lose the ability to read
                  | scrolls when taking damage. [potion of mutation]
 48284 | Zot:5    | Lost mutation: You are extremely frail. (-30% HP) [potion
                  | of mutation]
 48284 | Zot:5    | Gained mutation: You have a beak for a mouth. [potion of
                  | mutation]
 48284 | Zot:5    | Gained mutation: You passively map the area around you.
                  | [potion of mutation]
 48285 | Zot:5    | Lost mutation: You passively map the area around you.
                  | [potion of mutation]
 48285 | Zot:5    | Lost mutation: You are very dopey. (Int -4) [potion of
                  | mutation]
 48285 | Zot:5    | Gained mutation: You expend magic power (3 MP) to
                  | strengthen your wands. [potion of mutation]
 48285 | Zot:5    | Gained mutation: You are partially covered in iridescent
                  | scales. (AC +2) [potion of mutation]
 48294 | Zot:5    | XOM: confuse monster(s)
 48302 | Zot:5    | XOM: god gift: glowing battleaxe {god gift}
 48304 | Zot:5    | Got the Orb of Zot
 48340 | Zot:5    | XOM: cloud trail
 48403 | Zot:2    | XOM: fog
 48431 | Zot:1    | Noticed Xivoapon the pandemonium lord
 48432 | Zot:1    | XOM: summons friendly crimson imp
 48542 | Depths:1 | XOM: cast spell 'Discord'
 48568 | Depths:1 | XOM: repel stairs
 48573 | Depths:1 | XOM: enchant monster (good)
 48629 | D:15     | Noticed Ymmuruf the pandemonium lord
 48639 | D:14     | Noticed a seraph
 48783 | D:6      | XOM: confuse monster(s)
 48788 | D:6      | XOM: potion effect (berserk rage)
 48840 | D:2      | XOM: silly message
 48864 | D:$      | Escaped with the Orb!

Illustrated notes

Levels and vault maps discovered:
D:1:      lemuel_arrival_funnel, layout_basic,
          ebering_ecumenical_altar_abandoned, serial_shops,
          nicolae_shop_advertising_works [nicolae_subvault_shop_adworks]
D:2:      layout_rooms, amcnicky_mini_rare_corridor_liquid
D:3:      layout_basic, mainiacjoe_overflow_six_doors_small,
          nicolae_qazlal_beasts_of_the_sky, serial_shops, shop
D:4:      layout_cave_pools, mainiacjoe_overflow_small_starburst, hex_large
D:5:      layout_layer_cave
D:6:      layout_rooms, kennysheep_generic_room_6
D:7:      layout_cave_pools, nicolae_gozag_cash_rules_everything_around_me,
          minmay_temple_entry_gardened_gates, dk_noncrumbling_4,
          chequers_big_river
D:8:      layout_cave_pools, kennysheep_little_box,
          nicolae_elyvilon_temple_path, lair_entry_dummy, serial_shops,
          nicolae_shop_tiny_real_fake_doors, shop_fountains,
          nicolae_inconvenience_store, nicolae_shop_tiny_glass, uniq_joseph,
          uniq_maggie
D:9:      layout_long_grid
D:10:     minmay_inner_zag, layout_basic, nicolae_sif_muna_condensation,
          uniq_grum
D:11:     layout_basic, erik_orc_1
D:12:     minmay_the_grid_square_5x5_5x5_mashed [minmay_the_grid_square_5x5_z,
          minmay_the_grid_square_5x5_n_small,
          minmay_the_grid_square_5x5_shrine2, minmay_the_grid_square_5x5_c,
          minmay_the_grid_square_5x5_meh, minmay_the_grid_square_5x5_seven,
          minmay_the_grid_square_5x5_prize_gold,
          minmay_the_grid_square_5x5_half_checkered,
          minmay_the_grid_square_5x5_prize_pseudospiral,
          minmay_the_grid_square_5x5_bracketed,
          minmay_the_grid_square_5x5_corner, minmay_the_grid_square_5x5_minibox,
          minmay_the_grid_square_5x5_prize_monsterx,
          minmay_the_grid_square_5x5_inset,
          minmay_the_grid_square_5x5_minivault, minmay_the_grid_square_5x5_comb,
          minmay_the_grid_square_5x5_prize_snowflake,
          minmay_the_grid_square_5x5_longway,
          minmay_the_grid_square_5x5_prize_rear_guard,
          minmay_the_grid_square_5x5_n, minmay_the_grid_square_5x5_bridge,
          minmay_the_grid_square_5x5_percent,
          minmay_the_grid_square_5x5_checkered_statues,
          minmay_the_grid_square_5x5_inverted_slash,
          minmay_the_grid_square_5x5_spiral], layout_basic
D:13:     layout_roguey [special_room_orc], serial_shops, shop, uniq_nessos
D:14:     minmay_clustersquares, layout_stronghold, david_vaults_4,
          hellmonk_ghost_happy_afterlife, gauntlet_entry_generic, serial_shops,
          nicolae_shop_mannequins, shop, nicolae_shop_industrial_runoff,
          nicolae_shop_behind_doors
D:15:     grunt_enter_depths_magical_seal, layout_long_grid,
          roderic_roman_lattice, hangedman_decor_opposing, minivault_11
Lair:1:   layout_misc_corridors, uniq_sonja
Lair:2:   layout_chaotic_city, minmay_shoals_entry_centaurs, grunt_megastairs_2,
          uniq_nergalle
Lair:3:   nzn_winding_woodlands_small [nzn_winding_woodlands_5x15_pool,
          nzn_winding_woodlands_center_triple_pond,
          nzn_winding_woodlands_5x15_concentric], layout_big_grid,
          dummy_spider_entry, uniq_amaemon
Lair:4:   layout_gridlike, slime_entry_1, nicolae_quartered_pool_super,
          grunt_megastairs_1, lemuel_fruit_fields, uniq_kirke
Lair:5:   cheibrodos_lair_end_hotspot, layout_gridlike, evilmike_ambush
          [evilmike_ambush_outer_basic, evilmike_ambush_inner_basic]
Shoals:1: layout_shoals, nicolae_shop_gadgets
Shoals:2: layout_shoals, serial_shops, nicolae_shop_tiny_real_fake_doors,
          hangedman_feature_mirror, nicolae_shoals_the_drawing_of_the_three
Shoals:3: layout_shoals, nicolae_specific_store, uniq_polyphemus, uniq_donald
Shoals:4: shoals_end_simple, layout_shoals, serial_shops,
          nicolae_shop_pleasant_corner_grove, shop, shop, shop
Spider:1: layout_spider_delve, uniq_azrael
Spider:2: layout_spider_delve, portal_ice_cave_entry_pillars_four, uniq_arachne,
          uniq_asterion
Spider:3: layout_spider_delve
Spider:4: grunt_spider_rune_circles, einodemon_crawler_minivault, uniq_mlioglotl
Orc:1:    layout_caves, serial_shops, nicolae_shop_statue_plus
Orc:2:    grunt_orc_community_town_hall, layout_diamond_mine,
          grunt_orc_community_big_house_1, grunt_orc_community_big_house_2,
          grunt_orc_community_house_1, grunt_orc_community_house_3,
          grunt_orc_community_house_1, grunt_orc_community_house_1,
          grunt_orc_community_house_3, grunt_orc_community_house_3, uniq_urug
Vaults:1: nicolae_vaults_disjoint_gnomons, nicolae_vaults_trapezoid_4,
          nicolae_vaults_offset_grid_hallway_3, nicolae_vaults_circle_grid_a,
          vaults_mumra_hex, nicolae_vaults_triangles,
          nicolae_vaults_trapezoid_3, nicolae_vaults_windows_and_doors_thing,
          vaults_room_grunt_arrival_ludios, vaults_dpeg_diagonal,
          vaults_mumra_chevron_long, nicolae_vaults_house_1,
          nicolae_vaults_library_corner, nicolae_vaults_yaktaur_gun_rack,
          vaults_mumra_lcd, nicolae_vaults_layer_cake_slice, vaults_dpeg_ring,
          layout_vaults_ring, uniq_nikola
Vaults:2: nicolae_vaults_weapon_check, ontoclasm_vaults_ring_small,
          ontoclasm_vaults_ring_small, nicolae_vaults_tetromino_L_1,
          v_pattern_2, v_rooms_1, hangedman_vaults_locks,
          nicolae_vaults_wine_cellar, v_misc_18, nicolae_vaults_tetromino_L_1,
          nicolae_vaults_gold_heap, nicolae_vaults_crenellated_ambush,
          layout_vaults_chaotic_city, serial_shops, nicolae_lakefront_shop,
          uniq_xtahua, uniq_zenata
Vaults:3: nicolae_vaults_trapezoid_lopsided_2, ontoclasm_vaults_ring_large,
          v_misc_11, nicolae_vaults_closet_pinwheel_2, grunt_tower_of_power,
          minmay_crypt_entry_necro_gods, dpeg_vaults_monster_box,
          vaults_mumra_chevron, nicolae_vaults_trapezoid_lopsided_1,
          nicolae_vaults_sightless_eye, vaults_room_door_hall,
          nicolae_vaults_tetromino_Z_2, v_pattern_1, layout_vaults_omnibox
Vaults:4: nicolae_vaults_storing_the_good_stuff, nicolae_vaults_trapezoid_4,
          nicolae_vaults_little_squares_2, nicolae_vaults_mitosis,
          ontoclasm_vaults_claustrophobia, hangedman_vaults_maws,
          nicolae_vaults_two_Ls, v_misc_11, nicolae_vaults_stepped_doors,
          ontoclasm_vaults_ring_square, hangedman_vaults_trim,
          vaults_room_fours, nicolae_vaults_tetromino_T_1,
          layout_vaults_big_cross
Vaults:5
Depths:1: layout_forbidden_donut, bh_walls_and_bars, grunt_metal_band,
          hangedman_blasphemy
Depths:2: dreamdust_experimentation, layout_gridlike, enter_ziggurat_c,
          rand_demon_pan_entry_3, hell_entry, nicolae_qazlal_scattered_showers,
          nicolae_houndstooth_variations
Depths:3: thingy_vault, layout_basic, hangedman_coc_ice_floe, abyss_entry,
          serial_bayou_shore_b, minmay_shoptagon
Depths:4: grunt_x_marks_the_spot, layout_gridlike, roderic_lattice_a,
          grunt_hell_entry_dis_mu, enter_trove_6
Zot:1:    layout_gridlike, hangedman_zot_decor_slant, uniq_josephina
Zot:2:    layout_onion_interference, gammafunk_ghost_tricky_traps
Zot:3:    layout_cathedral_of_symmetry, regret_index_zotdec_twisting_globes
Zot:4:    regret_index_infernal_bastille, layout_cathedral_of_symmetry
Zot:5:    layout_gridlike, st_stairs_10

Skill      XL: |  1  2  3  4  5  6  7  8  9 10 11 12 13 14 15 16 17 18 19 20 21 22 23 24 |
---------------+-------------------------------------------------------------------------+-----
Dodging        | 1 2 3 4 6 7 8 9 10 11 12 13 14 15 | 15.5
Fighting       | 3 4 5 6 7 8 9 10 11 12 13 14 15 16 17 18 19 | 19.1
Armour         | 3 4 5 7 8 9 11 12 14 15 16 18 | 18.0
Axes           | 3 4 5 6 7 8 9 10 11 12 13 14 15 16 17 | 17.6
Evocations     | 2 3 5 6 8 9 10 11 12 13 14 15 16 17 18 19 | 19.9
Shields        | 3 5 6 8 9 11 12 13 14 15 16 17 18 19 20 21 | 21.3

Action                     |  1- 3 |  4- 6 |  7- 9 | 10-12 | 13-15 | 16-18 | 19-21 | 22-24 || total
---------------------------+-------+-------+-------+-------+-------+-------+-------+-------++-------
  Melee: Hand axe          |   109 |   122 |   199 |   274 |       |       |       |       ||   704
         Tailslap          |     5 |    12 |    39 |    68 |   106 |   270 |   201 |   414 ||  1115
         Punch             |     1 |     1 |     1 |       |       |       |       |       ||     3
         Bite              |     3 |     6 |    18 |       |       |       |       |       ||    27
         Headbutt          |       |    22 |    39 |    89 |   150 |   194 |       |       ||   494
         War axe           |       |       |       |    90 |   530 |   836 |       |       ||  1456
         Broad axe         |       |       |       |    35 |       |   324 |   907 |  1635 ||  2901
         Peck              |       |       |       |       |       |       |   178 |   487 ||   665
         Unarmed           |       |       |       |       |       |       |       |     3 ||     3
  Throw: Dart              |       |     1 |     6 |     3 |       |       |       |       ||    10
Ability: Evoke Invisibilit |       |       |       |       |       |       |       |     4 ||     4
  Evoke: Wand              |       |       |    15 |     7 |       |     3 |       |     5 ||    30
    Use: Scroll            |     1 |     5 |     5 |     4 |     8 |     5 |    17 |    20 ||    65
         Potion            |       |       |       |       |     2 |     6 |     6 |    22 ||    36
   Stab: Petrified         |     2 |       |       |       |     2 |       |       |     4 ||     8
         Paralysed         |       |     2 |       |     6 |       |     1 |       |       ||     9
         Sleeping          |       |     1 |     3 |     9 |     3 |     3 |     9 |     5 ||    33
         Confused          |       |       |     3 |     3 |     1 |     3 |     7 |    21 ||    38
         Petrifying        |       |       |     1 |       |     3 |       |       |     5 ||     9
         Distracted        |       |       |     1 |     1 |     3 |     1 |     7 |    13 ||    26
         Invisible         |       |       |       |     6 |       |     7 |       |    53 ||    66
         Betrayed ally     |       |       |       |       |       |       |       |     1 ||     1
 Armour: Leather armour    |    83 |   102 |   215 |    80 |   393 |   737 |   492 |   595 ||  2697
         Skin              |       |     2 |       |       |       |     6 |       |     1 ||     9
         Swamp dragon scal |       |       |     4 |    87 |       |       |       |       ||    91
  Dodge: Dodged            |    42 |    58 |   114 |    66 |   136 |   533 |   354 |   709 ||  2012
  Block: Kite shield       |       |       |    55 |   263 |   477 |   938 |   184 |       ||  1917
         Reflection        |       |       |     5 |    23 |    23 |       |       |       ||    51
         Tower shield      |       |       |       |       |       |       |   646 |  1413 ||  2059
